 Dungeon Crawl Stone Soup version 0.30-a0-424-g7412bad402 (webtiles) character file.

Game seed: 13264170001567099577

928 Zonian the Magician (level 8, -2/50 HPs)
             Began as a Djinni Ice Elementalist on Dec 10, 2022.
             Slain by a gnoll
             ... wielding a +0 spear
             ... led by a gnoll bouda
              (7 damage)
             ... on level 4 of the Dungeon.
             The game lasted 00:11:20 (5696 turns).

Zonian the Magician (Djinni Ice Elementalist)       Turns: 5696, Time: 00:11:21

Health: -2/50      AC:  2    Str: 13    XL:     8   Next: 32%
Gold:   16         EV: 13    Int: 19    God:
                   SH:  0    Dex: 14

rFire   + + +      SeeInvis .    e - +0 rapier (venom)
rCold   . . .      Faith    .    (no shield)
rNeg    . . .      Spirit   .    a - +0 robe
rPois   ∞          Reflect  .    (no helmet)
rElec   .          Harm     .    (no cloak)
rCorr   .          Rampage  .    (no gloves)
Will    .....                    (boots unavailable)
Stlth   +++.......               (no amulet)
HPRegen 0.28/turn                q - +4 ring of slaying
MPRegen 0.00/turn                f - ring of Lefopn {*Slow rF+++ rC+ Str+6 Stlth+}

@: freezing walls, flying
A: sickness immunity, fire resistance 2, cold vulnerability 1, float, innate
caster, HP casting, extra vitality 1
a: no special abilities


You were on level 4 of the Dungeon.
You visited 1 branch of the dungeon, and saw 5 of its levels.

You collected 337 gold pieces.
You spent 321 gold pieces at shops.

Inventory:

Hand Weapons
 b - a +2 short sword
 e - a +0 rapier of venom (weapon)
 h - a +0 short sword of draining
 n - a +0 falchion
Missiles
 c - a throwing net
Armour
 a - a +0 robe (worn)
Jewellery
 f - the ring of Lefopn (right hand) {*Slow rF+++ rC+ Str+6 Stlth+}
   (You found it on level 3 of the Dungeon)

   [ring of strength]

   Str:       It affects your strength (+6).
   rF:        It renders you almost immune to fire.
   rC:        It protects you from cold.
   *Slow:     It may slow you when you take damage.
   Stlth:     It makes you more stealthy.
 i - a ring of fire
 q - a +4 ring of slaying (left hand)
Wands
 k - a wand of flame (6)
Scrolls
 d - a scroll of poison
Potions
 g - a potion of lignification {unknown}
 l - 2 potions of attraction {unknown}
 o - a potion of mutation {unknown}
 r - a potion of berserk rage


   Skills:
 + Level 4.3 Short Blades
 - Level 4.0 Dodging
 - Level 3.2 Stealth
 + Level 5.6 Spellcasting


You had one spell level left.
You knew the following spells:

 Your Spells              Type           Power      Damage    Failure   Level
a - Freeze                Ice            100%       1d10      1%          1
b - Frozen Ramparts       Ice            52%        1d8       3%          3
c - Ozocubu's Armour      Ice            26%        N/A       3%          3
d - Summon Ice Beast      Ice/Summ       26%        N/A       12%         4
e - Slow                  Hex            100%       N/A       1%          1
f - Poisonous Vapours     Pois/Air       52%        N/A       1%          2
g - Kindle Blastsparks    Fire/Tloc/Air  52%        2d14      3%          3
Your spell library was empty.

Dungeon Overview and Level Annotations

Branches:
Dungeon (5/15)
 Temple: D:4-7

Altars:
Fedhas
Hepliaklqana

Shops:
D:3 (   D:5 :(*

Annotations:
D:4 Robin


Innate Abilities, Weirdness & Mutations

You are immune to sickness and miasma.
You are immune to poison.
Your flesh is very heat resistant. (rF++)
You are vulnerable to cold. (rC-)
You float through the air rather than walking.
You learn spells naturally, not from books.
Your magical power is your life essence.
You have superior vitality. (+4 MHP)


Message History

Unknown command.
A gnoll bouda and a gnoll come into view.
The gnoll shouts!
You hear a shout!
A gnoll comes into view. It is wielding a +0 flail.
A gnoll comes into view. It is wielding a +0 spear.
The gnoll moves out of view.
The gnoll misses you. The gnoll attacks as you move away!
The gnoll barely misses you. x2
The gnoll hits you with a +0 spear! The gnoll hits you but does no damage.
Casting: Frozen Ramparts (dangerous; 3% risk of failure)
Confirm with . or Enter, or press ? or * to list all spells.
Casting: Frozen Ramparts (dangerous; 3% risk of failure)
Press: ? - help, Dir - look around, f - activate The walls around you are covered in ice.
The gnoll shouts! x2
The wall freezes the gnoll bouda!
The gnoll bouda hits you with a +0 whip.
The wall freezes the gnoll!
The gnoll misses you.
The gnoll hits you from afar with a +0 spear.
You hit the gnoll.
The gnoll is severely wounded.
The wall freezes the gnoll.
The gnoll hits you with a +0 spear.
The wall freezes the gnoll bouda!
The gnoll bouda barks out a call to the hunt!
The gnolls pick up the pace!
The gnoll hits you from afar with a +0 spear!
* * * LOW HITPOINT WARNING * * *
You hit the gnoll bouda.
You kill the gnoll bouda!
The gnoll hits you from afar with a +0 spear.
* * * LOW HITPOINT WARNING * * *
The wall freezes the gnoll but does no damage.
The gnoll hits you with a +0 spear!
* * * LOW HITPOINT WARNING * * *
Okay, then.
Okay, then.
The air fills with toxic fumes!
As you read the scroll of poison, it crumbles to dust.
The gnoll hits you from afar with a +0 spear!
You die...

.## #........### ##..#
##..# . #...........###
##§.##...#
#.......#....§####§§....#
#........##...§§§§§§§.>.##
#........####.§§§§§###..#
........## ##§§§§§# #..#
........# ##§§§§§# #...
...... #§§§§§## ##...
####@§§§## ....
####§§§g#§## .....
§§§§§§g§### ......
§§§§§§§§§# ######§gg#
##§§§ #§§§# ##§§§ ...#


You could see 4 gnolls.

Vanquished Creatures
  A black bear (D:5)
  An ice beast (D:5)
  A centaur (D:5)
  3 phantoms
  A scorpion (D:5)
  A howler monkey (D:5)
  2 gnoll boudas
  Jessica (D:2)
  3 orc wizards
  3 gnolls (D:5)
  8 adders
  3 worms
  A dart slug (D:2)
  11 orcs
  5 bats
  8 endoplasms
  2 giant cockroaches
  6 goblins
  4 hobgoblins
  2 jackals (D:1)
  3 quokkas
  4 ball pythons
  3 frilled lizards
  4 kobolds
  6 rats
87 creatures vanquished.

Vanquished Creatures (others)
  5 plants (D:1)
5 creatures vanquished.

Grand Total: 92 creatures vanquished

Notes
Turn   | Place    | Note
-------+----------+-------------------------------------------
     0 | D:1      | Zonian the Djinni Ice Elementalist began the quest for the
                  | Orb.
     0 | D:1      | Zonian set off with the following spells memorised: Freeze,
                  | Frozen Ramparts, Ozocubu's Armour, Summon Ice Beast.
     0 | D:1      | Reached XP level 1. HP: 15/15 MP: 0/0
   273 | D:1      | Reached XP level 2. HP: 19/21 MP: 0/0
  1077 | D:1      | Reached XP level 3. HP: 24/25 MP: 0/0
  1077 | D:1      | Learned a level 1 spell: Slow
  1348 | D:2      | Reached XP level 4. HP: 23/31 MP: 0/0
  1818 | D:2      | Noticed Jessica
  1821 | D:2      | Killed Jessica
  1868 | D:2      | Reached XP level 5. HP: 32/35 MP: 0/0
  1868 | D:2      | Learned a level 2 spell: Poisonous Vapours
  2005 | D:3      | Noticed a phantom
  2251 | D:3      | Found a blossoming altar of Fedhas.
  2599 | D:3      | Found a faded altar of an unknown god.
  2738 | D:3      | Found Zoyfem Erchu's Antique Weapon Emporium.
  2746 | D:3      | Bought a glowing rapier for 217 gold pieces
  2807 | D:3      | Identified the ring of Lefopn {*Slow rF+++ rC+ Str+6
                  | Stlth+}
  3120 | D:3      | Killed a phantom
  3121 | D:3      | Reached skill level 4 in Spellcasting
  3253 | D:3      | Reached XP level 6. HP: 36/40 MP: 0/0
  3428 | D:4      | Noticed Robin
  3434 | D:5      | Entered Level 5 of the Dungeon
  3434 | D:5      | Noticed an ogre
  3480 | D:5      | Reached skill level 1 in Short Blades
  3628 | D:5      | Noticed a black bear
  3640 | D:5      | Killed a black bear
  3654 | D:5      | Reached XP level 7. HP: 28/45 MP: 0/0
  3654 | D:5      | Learned a level 3 spell: Kindle Blastsparks
  4169 | D:5      | Reached skill level 5 in Spellcasting
  4382 | D:5      | Found a hazy altar of Hepliaklqana.
  4403 | D:5      | Reached XP level 8. HP: 30/50 MP: 0/0
  4825 | D:5      | Found Tamer's Antique Weapon Shop.
  4902 | D:5      | Found Vejeaxt's Book Emporium.
  5087 | D:5      | Found Askoggac's Assorted Antiques.
  5119 | D:5      | Bought a short brass wand for 104 gold pieces
  5696 | D:4      | Slain by a gnoll

Illustrated notes

Levels and vault maps discovered:
D:1:      evilmike_arrival_rings, layout_loops_corners, chequers_big_river
D:2:      layout_rooms, uniq_jessica
D:3:      layout_loops_cross, amcnicky_altar_gilded, serial_shops,
          nicolae_shop_advertising_works [nicolae_subvault_shop_adworks],
          chequers_ecumenical_altar_grove
D:4:      layout_cave_pods, uniq_robin
D:5:      layout_loops_corners, led_sif_pool, mainiacjoe_overflow_alcove_2,
          serial_shops, shop, nicolae_shop_behind_doors, shop

Skill      XL: |  1  2  3  4  5  6  7  8 |
---------------+-------------------------+-----
Stealth        | 2 3 |  3.2
Dodging        | 3 4 |  4.0
Spellcasting   | 4 5 |  5.6
Short Blades   | 2 3 4 |  4.3

Action                   |  1- 3 |  4- 6 |  7- 9 || total
-------------------------+-------+-------+-------++-------
Melee: Short sword       |    22 |    45 |       ||    67
       Unarmed           |     2 |       |       ||     2
       Rapier            |       |    47 |    65 ||   112
       Punch             |       |       |     3 ||     3
 Cast: Freeze            |    33 |     7 |       ||    40
       Slow              |       |     1 |       ||     1
       Poisonous Vapours |       |     4 |       ||     4
       Frozen Ramparts   |       |     2 |     6 ||     8
       Ozocubu's Armour  |       |     1 |     1 ||     2
  Use: Scroll            |     2 |    11 |     2 ||    15
       Potion            |       |     4 |     3 ||     7
 Stab: Sleeping          |     3 |     7 |     7 ||    17
       Distracted        |       |       |     1 ||     1
Armor: Robe              |     6 |    17 |    11 ||    34
Dodge: Dodged            |    24 |    75 |    47 ||   146

Table legend: (Time is in decaauts)
 A = Elapsed time spent in this place.
 B = Non-inter-level travel time spent in this place.
 C = Inter-level travel time spent in this place.
 D = Time resting spent in this place.
 E = Time spent auto-exploring this place.
 F = Levels seen in this place.
 G = Mean time per level.
                   A        B        C        D        E       F      G
               +--------+--------+--------+--------+--------+-----+--------+
         Total |   5735 |   5673 |     62 |   2030 |   2758 |   5 | 1147.0 |
       Dungeon |   5735 |   5673 |     62 |   2030 |   2758 |   5 | 1147.0 |
               +--------+--------+--------+--------+--------+-----+--------+

Top non-repeatable levels by time:
     D:5: 1714 daAuts
     D:3: 1149 daAuts
     D:1: 1114 daAuts
     D:2: 1095 daAuts
     D:4: 661 daAuts
